 Dungeon Crawl Stone Soup version 0.30-a0-586-g23e55c9e0a (webtiles) character file.

Game seed: 17190185462344305856

10559 porpoise the Skirmisher (level 11, -3/89 HPs)
             Began as a Demonspawn Gladiator on Jan 4, 2023.
             Slain by a meliai
             ... wielding a +0 hand axe
              (10 damage)
             ... on level 10 of the Dungeon.
             The game lasted 00:37:48 (10353 turns).

porpoise the Skirmisher (Demonspawn Gladiator)     Turns: 10353, Time: 00:37:49

Health: -3/89      AC: 11    Str: 19    XL:     11   Next: 37%
Magic:  11/11      EV: 12    Int: 11    God:
Gold:   346        SH:  0    Dex: 18    Spells: 10/10 levels left

rFire   . . .      SeeInvis .    b - +12 sling "Ympey" {drain, rElec rCorr}
rCold   . . .      Faith    .    S - +1 buckler
rNeg    . . .      Spirit   .    G - +0 scale mail "Rothan" {rPois rCorr Str-4 Stlth+}
rPois   +          Reflect  .    (helmet unavailable)
rElec   +          Harm     .    (no cloak)
rCorr   +          Rampage  .    H - +1 pair of gloves {Str+3}
Will    .....                    r - +0 pair of boots
Stlth   +                        (no amulet)
HPRegen 0.34/turn                l - ring of flight
MPRegen 0.12/turn                v - +6 ring of strength

@: confused, ambrosia-drunk, flying
A: horns 3, ignite blood 1, powered by death 1, sharp scales 1
a: no special abilities


You were on level 10 of the Dungeon.
You visited 2 branches of the dungeon, and saw 11 of its levels.
You also visited: Sewer.

You collected 533 gold pieces.
You spent 187 gold pieces at shops.

Inventory:

Hand Weapons
 a - a +4 scimitar of venom
 b - the +12 sling "Ympey" (weapon) {drain, rElec rCorr}
   (You found it on level 2 of the Dungeon)

   A truly terrible weapon, it drains the life of any living foe it strikes.
   rElec:     It insulates you from electricity.
   rCorr:     It protects you from acid and corrosion.
 s - a +1 spear of venom
 w - the +6 shillelagh "Devastator" {shatter}
   (You found it on level 9 of the Dungeon)

   It releases a powerful concussive burst when it strikes, dealing extra damage
   to the target and all other creatures adjacent to them.
 R - a +4 trident of protection
 V - a +2 dagger of speed
Missiles
 d - 6 throwing nets
 e - 6 javelins
 z - 3 boomerangs
 E - 13 poisoned darts
 T - 4 boomerangs of dispersal
 Y - 6 atropa-tipped darts
Armour
 r - a +0 pair of boots (worn)
 G - the +0 scale mail "Rothan" (worn) {rPois rCorr Str-4 Stlth+}
   (You found it on level 5 of the Dungeon)

   Str:       It affects your strength (-4).
   rPois:     It protects you from poison.
   rCorr:     It protects you from acid and corrosion.
   Stlth:     It makes you more stealthy.
 H - a +1 pair of gloves of strength (worn)
 N - the +1 leather armour of Repulsion {Rampage rElec rN+ Stlth-}
   (You found it on level 6 of the Dungeon)

   rElec:     It insulates you from electricity.
   rN:        It protects you from negative energy.
   Rampage:   It bestows one free step when moving towards enemies.
   Stlth:     It makes you less stealthy.
 S - a +1 buckler (worn)
 X - an orb of guile
Jewellery
 l - a ring of flight (left hand)
 v - a +6 ring of strength (right hand)
 x - an amulet of faith
 B - an amulet of magic regeneration
 C - a ring of fire
 M - an amulet of guardian spirit
 U - a ring of protection from fire
Wands
 F - a wand of digging (6)
Scrolls
 g - a scroll of fog
 h - a scroll of enchant weapon
 i - 8 scrolls of teleportation
 n - a scroll of torment
 D - a scroll of enchant armour
 L - a scroll of immolation
 P - a scroll of magic mapping
 Q - 4 scrolls of amnesia
Potions
 c - 3 potions of flight
 f - 2 potions of brilliance
 j - 2 potions of curing
 k - a potion of haste
 m - a potion of ambrosia
 o - 2 potions of invisibility
 t - a potion of resistance
 A - 2 potions of attraction
 J - 3 potions of cancellation
 W - a potion of magic {unknown}
 Z - a potion of might
Miscellaneous
 y - a phantom mirror


   Skills:
 - Level 9.0 Fighting
 - Level 4.0 Short Blades
 + Level 10.9 Ranged Weapons
 - Level 1.7 Throwing
 - Level 5.0 Armour
 - Level 5.0 Dodging
 + Level 4.2 Shields
 + Level 4.7 Evocations


You had 10 spell levels left.
You didn't know any spells.
Your spell library contained the following spells:

 Spells                   Type           Power      Damage    Failure   Level
 Summon Small Mammal      Summ           0%         N/A       78%         1
 Blink                    Tloc           0%         N/A       89%         2
 Momentum Strike          Conj/Tloc      0%         3d8       89%         2
 Call Canine Familiar     Summ           0%         N/A       98%         3
 Ignite Poison            Fire/Tmut/Pois 0%         N/A       98%         3
 Lesser Beckoning         Tloc           0%         N/A       98%         3
 Summon Guardian Golem    Hex/Summ       0%         N/A       98%         3
 Anguish                  Hex/Necr       0%         N/A       100%        4
 Animate Dead             Necr           0%         N/A       100%        4
 Sticky Flame             Conj/Fire      0%         2d3       100%        4
 Enfeeble                 Hex            0%         N/A       100%        7
 Haunt                    Necr/Summ      0%         N/A       100%        7
 Ignition                 Fire           0%         3d3       100%        8
 Infestation              Necr           0%         N/A       100%        8


Dungeon Overview and Level Annotations

Branches:
Dungeon (10/15)            Temple (1/1) D:4            Lair (0/5) D:10
  Sewer (visited)
    Orc: D:9-12

Altars:
Ashenzari
Cheibriados
Dithmenos
Fedhas
Gozag
Kikubaaqudgha
Makhleb
Nemelex Xobeh
Okawaru
Qazlal
Ru
Sif Muna
Trog
Uskayaw
Vehumet
Wu Jian
Xom

Shops:
D:4 [   D:5 [

Annotations:
D:6 1 runed translucent door, sokol815's ghost, novice OpDe


Innate Abilities, Weirdness & Mutations

You have a pair of large horns on your head.
Your demonic aura sometimes causes spilled blood to erupt in flames.
You regenerate a little health from kills.
You are partially covered in razor-sharp scales. (AC +1, Slay +1)


Message History

* * * LOW HITPOINT WARNING * * *
You feel better.
The troll is engulfed in blazing flames.
You kill the troll!
You are confused.
You feel invigorated.
A shadow comes into view.
The meliai closely misses you. x2; The meliai hits you but does no damage.
The meliai barely misses you.
The shadow slips into darkness.
The shadow flickers and vanishes!
Deactivating autopickup; reactivate with Ctrl-A.
The meliai closely misses you. The meliai misses you.
The meliai hits you with a +0 hand axe.
The meliai stings you but does no damage.
The meliai closely misses you. The meliai stings you.
The meliai calls down the wrath of its god upon you.
Something smites you!
* * * LOW HITPOINT WARNING * * *
The meliai hits you with a +0 hand axe!
* * * LOW HITPOINT WARNING * * *
The meliai barely misses you.
The shadow strikes at you from the darkness!
* * * LOW HITPOINT WARNING * * *
Reactivating autopickup.
The meliai barely misses you. x2
The meliai barely misses you.
The meliai stings you but does no damage.
The shadow hits you.
* * * LOW HITPOINT WARNING * * *
The meliai closely misses you.
The meliai stings you but does no damage.
You are too confused!
Unknown command.
Unknown command.
The meliai hits you with a +0 hand axe!
* * * LOW HITPOINT WARNING * * *
The meliai closely misses you. The shadow barely misses you.
The meliai hits you with a +0 hand axe!
You die...

#.!. .#..# ... ....
###.#####.###
#..8Y.#.....
#.#...y.#.#.# ##.#
#..8.8.8....####.....
#.#.....#Y.............
#..8(.#y#.............
###.###@#..........#†>##
......W.#.......... #..†
##########..........
#...
...#...................
#...
.......................
#...
......................#
#...
...............#######
#... #.............#
#... #..<..........#
#.##


You could see a yak, a shadow and a meliai.

Vanquished Creatures
  2 two-headed ogres
  2 manticores (D:10)
  Joseph (D:10)
  A gargoyle (D:9)
  A komodo dragon (D:10)
  2 trolls (D:10)
  A wraith (D:9)
  15 yaks
  A wyvern (D:8)
  A steam dragon (D:7)
  2 vampire mosquitoes (D:9)
  Duvessa (D:5)
  A water moccasin (D:7)
  3 black bears
  An ice beast (D:7)
  3 sky beasts
  4 ogres
  A centaur (D:9)
  2 phantoms
  2 kobold brigands
  A gnoll sergeant (D:7)
  2 necrophages
  10 bullfrogs
  2 scorpions
  Dowan (D:5)
  9 wights (D:8)
  3 killer bees (D:9)
  4 howler monkeys
  2 electric eels (D:8)
  3 orc priests
  4 hounds
  5 jellies
  3 iguanas (D:7)
  An iron imp (D:5)
  A gnoll bouda (D:9)
  An orc wizard (D:8)
  25 gnolls
  14 adders
  2 river rats (D:5)
  3 shadow imps
  An ufetubus (D:5)
  5 dart slugs
  4 worms
  23 orcs
  21 endoplasms
  16 giant cockroaches
  7 goblins
  10 hobgoblins
  12 jackals
  14 kobolds
  8 quokkas
  16 ball pythons
  4 bats
  9 frilled lizards
  A goblin skeleton (D:5)
  2 goblin zombies (D:5)
  A hobgoblin zombie (D:5)
  2 kobold skeletons (D:5)
  A kobold zombie (D:5)
  2 orc skeletons (D:5)
  2 orc zombies (D:5)
  10 rats
314 creatures vanquished.

Vanquished Creatures (others)
  6 plants
  5 withered plants (D:3)
11 creatures vanquished.

Grand Total: 325 creatures vanquished

Notes
Turn   | Place    | Note
-------+----------+-------------------------------------------
     0 | D:1      | porpoise the Demonspawn Gladiator began the quest for the
                  | Orb.
     0 | D:1      | Reached XP level 1. HP: 16/16 MP: 1/1
   194 | D:1      | Found a faded altar of an unknown god.
   291 | D:1      | Gained mutation: You are partially covered in razor-sharp
                  | scales. (AC +1, Slay +1) [demonic ancestry]
   291 | D:1      | Reached XP level 2. HP: 18/23 MP: 2/2
   866 | D:1      | Gained mutation: You have a pair of small horns on your
                  | head. [demonic ancestry]
   866 | D:1      | Reached XP level 3. HP: 26/28 MP: 3/3
  1817 | D:2      | Identified the +12 sling "Ympey" {drain, rElec rCorr}
  1864 | D:2      | Reached XP level 4. HP: 35/35 MP: 4/4
  2283 | D:3      | Reached skill level 1 in Ranged Weapons
  2331 | D:3      | Gained mutation: You have a pair of horns on your head.
                  | [demonic ancestry]
  2331 | D:3      | Reached XP level 5. HP: 42/42 MP: 5/5
  2515 | D:3      | Reached skill level 2 in Ranged Weapons
  2741 | D:3      | Found an ancient bone altar of Kikubaaqudgha.
  2741 | D:3      | Found a blossoming altar of Fedhas.
  3478 | D:4      | Noticed a phantom
  3483 | D:4      | Killed a phantom
  3484 | D:4      | Reached skill level 3 in Ranged Weapons
  3484 | D:4      | Reached XP level 6. HP: 45/49 MP: 6/6
  3616 | D:4      | Found a shimmering altar of Xom.
  3674 | D:4      | Found Eschoesu's Antique Armour Shoppe.
  3736 | D:4      | Found a staircase to the Ecumenical Temple.
  3751 | Temple   | Entered the Ecumenical Temple
  3882 | D:4      | Reached skill level 4 in Ranged Weapons
  3885 | D:4      | Reached XP level 7. HP: 53/55 MP: 7/7
  3943 | D:4      | Reached skill level 5 in Fighting
  4080 | D:4      | Reached skill level 5 in Ranged Weapons
  4161 | D:4      | Found an opulent altar of Gozag.
  4374 | D:5      | Entered Level 5 of the Dungeon
  4557 | D:5      | Found a glowing drain.
  4561 | Sewer    | Entered a sewer
  4591 | Sewer    | Reached skill level 1 in Armour
  4802 | Sewer    | Reached skill level 6 in Ranged Weapons
  4818 | Sewer    | Gained mutation: You have a pair of large horns on your
                  | head. [demonic ancestry]
  4818 | Sewer    | Reached XP level 8. HP: 57/62 MP: 8/8
  5045 | D:5      | Found a bloodstained altar of Trog.
  5045 | D:5      | Found a hide-covered altar of Uskayaw.
  5154 | D:5      | Noticed Dowan
  5155 | D:5      | Noticed Duvessa
  5156 | D:5      | Killed Dowan
  5169 | D:5      | Killed Duvessa
  5170 | D:5      | Reached skill level 7 in Ranged Weapons
  5571 | D:5      | Identified the +0 scale mail "Rothan" {rPois rCorr Str-4
                  | Stlth+}
  5600 | D:5      | Found Yfetic's Antique Armour Emporium.
  5604 | D:5      | Bought a pair of embroidered gloves for 187 gold pieces
  5801 | D:5      | Found an ornate altar of the Wu Jian Council.
  6245 | D:6      | Identified the +1 leather armour of Repulsion {Rampage
                  | rElec rN+ Stlth-}
  6328 | D:6      | Reached skill level 8 in Ranged Weapons
  6367 | D:6      | Found an iron altar of Okawaru.
  6587 | D:6      | Gained mutation: You regenerate a little health from kills.
                  | [demonic ancestry]
  6587 | D:6      | Reached XP level 9. HP: 60/68 MP: 9/9
  6637 | D:6      | Found a runed translucent door.
  6637 | D:6      | Found a shimmering altar of Xom.
  6637 | D:6      | Noticed sokol815's ghost (novice OpDe)
  6637 | D:6      | Noticed a +1 whip of chaos
  6693 | D:7      | Reached skill level 5 in Armour
  6703 | D:7      | Found a sacrificial altar of Ru.
  7534 | D:8      | Reached skill level 9 in Ranged Weapons
  7799 | D:8      | Found a broken altar of Ashenzari.
  8025 | D:7      | Reached skill level 5 in Dodging
  8182 | D:8      | Gained mutation: Your demonic aura sometimes causes spilled
                  | blood to erupt in flames. [demonic ancestry]
  8182 | D:8      | Reached XP level 10. HP: 73/74 MP: 10/10
  8569 | D:8      | Found a burning altar of Makhleb.
  9088 | D:9      | Reached skill level 10 in Ranged Weapons
  9094 | D:9      | Noticed a two-headed ogre
  9098 | D:9      | Noticed a two-headed ogre
  9125 | D:9      | Killed a two-headed ogre
  9126 | D:9      | Reached skill level 1 in Shields
  9126 | D:9      | Reached skill level 1 in Evocations
  9140 | D:9      | Found the +6 shillelagh "Devastator" {shatter}
  9289 | D:9      | Noticed a gargoyle
  9300 | D:8      | Killed a two-headed ogre
  9770 | D:9      | Killed a gargoyle
  9771 | D:9      | Reached XP level 11. HP: 76/89 MP: 11/11
  9834 | D:9      | Found a stormy altar of Qazlal.
  9924 | D:10     | Entered Level 10 of the Dungeon
  9936 | D:10     | Found a staircase to the Lair.
 10309 | D:10     | Noticed Joseph
 10339 | D:10     | Killed Joseph
 10353 | D:10     | Slain by a meliai

Illustrated notes

Levels and vault maps discovered:
D:1:      onia_arrival_mini_maze, layout_loops_ring,
          dreamdust_ecumenical_altar_statues, minmay_door_square,
          hangedman_decor_lopped, chequers_arboretum, hangedman_decor_opposing,
          minmay_distorted
D:2:      layout_basic
D:3:      layout_basic, grunt_temple_overflow_growth_and_decay
D:4:      minmay_razor_zed, layout_loops_ring, mainiacjoe_overflow_boulevard,
          mainiacjoe_overflow_six_doors_small, minmay_temple_entry_mini_moons,
          serial_shops, nicolae_shop_stone, corner_web_ring, serial_bayou_pond_c
D:5:      layout_loops_corners, pdpol_wu_jian_five_deadly_venoms,
          nicolae_tso_besieged_by_evil, gammafunk_temple_overflow_wave,
          gup_sewer_entry_spiral, serial_shops, shop, saegor_snake_ambush,
          uniq_duvessa
D:6:      layout_loops_ring, mainiacjoe_overflow_24_doors, ebering_ghost_xom
D:7:      layout_basic, nicolae_ru_awakened_eye
D:8:      layout_loops_cross, lemuel_coloured_pillars_altar, lemuel_tele_altar,
          minivault_14
D:9:      layout_basic, overflow_temple_1_default,
          dilly_guarded_unrand_devastator
D:10:     layout_basic, mainiacjoe_overflow_concentric_impassable,
          general_overflow_altar, mainiacjoe_overflow_tiny_flanked,
          david_lair_shrubbed, chequers_decorated_corner,
          minmay_chambers_of_fives, uniq_joseph, uniq_sonja
Temple:   hellmonk_temple_micro_hex

Skill      XL: |  1  2  3  4  5  6  7  8  9 10 11 |
---------------+----------------------------------+-----
Short Blades   | 3 4 |  4.0
Fighting       | 3 4 5 6 9 |  9.0
Ranged Weapons | 1 3 4 6 8 9 10 | 10.9
Armour         | 1 4 5 |  5.0
Dodging        | 5 |  5.0
Shields        | 2 4 |  4.2
Evocations     | 3 4 |  4.7
Throwing       | |  1.7

Action                   |  1- 3 |  4- 6 |  7- 9 | 10-12 || total
-------------------------+-------+-------+-------+-------++-------
Melee: Rapier            |   164 |     6 |       |       ||   170
       Punch             |     1 |     2 |       |       ||     3
       Headbutt          |     7 |     1 |       |     4 ||    12
       Dagger            |       |       |       |    10 ||    10
 Fire: Sling             |     6 |    80 |   349 |   179 ||   614
  Use: Scroll            |     2 |     5 |     9 |     8 ||    24
       Potion            |       |       |       |     5 ||     5
 Stab: Sleeping          |     2 |       |       |       ||     2
Armor: Leather armour    |    48 |       |       |       ||    48
       Ring mail         |       |     3 |    21 |       ||    24
       Scale mail        |       |       |    28 |    26 ||    54
Dodge: Dodged            |    91 |     9 |    78 |    72 ||   250
Block: Buckler           |       |       |    12 |    30 ||    42

Table legend: (Time is in decaauts)
 A = Elapsed time spent in this place.
 B = Non-inter-level travel time spent in this place.
 C = Inter-level travel time spent in this place.
 D = Time resting spent in this place.
 E = Time spent auto-exploring this place.
 F = Levels seen in this place.
 G = Mean time per level.
                   A        B        C        D        E       F      G
               +--------+--------+--------+--------+--------+-----+--------+
         Total |  10462 |  10013 |    449 |   2099 |   5921 |  12 |  871.8 |
       Dungeon |  10165 |   9717 |    448 |   2099 |   5914 |  10 | 1016.5 |
        Temple |      1 |      0 |      1 |      0 |      0 |   1 |    1.0 |
         Sewer |    294 |    294 |      0 |      0 |      7 |   1 |  294.0 |
               +--------+--------+--------+--------+--------+-----+--------+

Top non-repeatable levels by time:
     D:8: 1444 daAuts
     D:1: 1256 daAuts
     D:7: 1247 daAuts
     D:3: 1181 daAuts
     D:5: 1156 daAuts
     D:4: 1019 daAuts
     D:2: 1015 daAuts
     D:6: 832 daAuts
     D:9: 580 daAuts
    D:10: 430 daAuts
   Sewer: 294 daAuts
  Temple: 1 daAuts
